 Dungeon Crawl Stone Soup version 0.25.0-9-g26727b657a (webtiles) character file.

Game seed: 17783787609724608525

391 Delamore the Cudgeler (level 6, -10/37 HPs)
             Began as a Gargoyle Fighter on June 20, 2020.
             Killed by divine providence
             ... invoked by an orc priest
              (12 damage)
             ... on level 4 of the Dungeon.
             The game lasted 00:02:48 (3284 turns).

Delamore the Cudgeler (Gargoyle Fighter)            Turns: 3284, Time: 00:02:49

Health: -10/37     AC: 12    Str: 22    XL:     6   Next: 80%
Magic:  6/6        EV:  7    Int:  8    God:
Gold:   164        SH:  9    Dex:  9    Spells: 5/5 levels left

rFire    . . .     SeeInvis .   m - +3 flail
rCold    . . .     Gourm    .   c - +0 kite shield
rNeg     + . .     Faith    .   b - +0 scale mail
rPois    ∞         Spirit   .   (no helmet)
rElec    +         Reflect  .   i - +0 cloak
rCorr    .         Harm     .   (no gloves)
MR       .....                  (no boots)
Stlth    ..........             r - amulet of the acrobat
HPRegen  0.12/turn              (no ring)
MPRegen  0.10/turn              (no ring)

@: no status effects
A: negative energy resistance 1, electricity resistance, unbreathing,
petrification resistance, rot immunity, AC +4
a: no special abilities


You were on level 4 of the Dungeon.
You were not hungry.

You visited 1 branch of the dungeon, and saw 4 of its levels.

You collected 164 gold pieces.

Inventory:

Hand Weapons
 m - a +3 flail (weapon)
Armour
 b - a +0 scale mail (worn)
 c - a +0 kite shield (worn)
 i - a +0 cloak (worn)
Jewellery
 r - an amulet of the acrobat (around neck)
Scrolls
 e - 2 scrolls of enchant weapon {unknown}
 g - 4 scrolls of teleportation {unknown}
 k - a scroll of noise {unknown}
 l - 3 scrolls of remove curse {unknown}
 n - 3 scrolls of identify {unknown}
 q - 2 scrolls of fog {unknown}
 s - a scroll of enchant armour {unknown}
Potions
 a - 2 potions of brilliance {unknown}
 d - 2 potions of might
 h - 2 potions of curing {unknown}
 j - a potion of heal wounds {unknown}
 p - a potion of stabbing {unknown}
 t - a potion of mutation {unknown}
 u - a potion of ambrosia {unknown}
 v - a potion of flight {unknown}
 w - a potion of degeneration {unknown}
 x - a potion of lignification {unknown}
 z - a potion of magic {unknown}
Comestibles
 f - 3 rations
 o - 2 chunks of flesh


   Skills:
 - Level 3.2 Fighting
 + Level 7.0 Maces & Flails
 - Level 3.2 Armour
 - Level 3.2 Shields


You had 5 spell levels left.
You didn't know any spells.
Your spell library was empty.

Dungeon Overview and Level Annotations

Branches:
Dungeon (4/15)
 Temple: D:4-7

Altars:
Fedhas
Hepliaklqana
Kikubaaqudgha
Sif Muna


Innate Abilities, Weirdness & Mutations

You are resistant to torment.
Your stone body is resilient. (AC +4)
You are immune to poison.
You resist negative energy. (rN+)
You are resistant to electric shocks. (rElec)
You can survive without breathing.
You are immune to petrification.
You are immune to rotting.


Message History

The orc priest hits you but does no damage.
The giant cockroach barely misses you.
You sock the orc priest!
The orc priest is severely wounded.
You block the orc's attack. The giant cockroach bites you.
* * * LOW HITPOINT WARNING * * *
The orc priest hits you with a +0 whip.
* * * LOW HITPOINT WARNING * * *
You hit the orc priest.
The orc priest is almost dead.
The orc closely misses you.
The giant cockroach bites you but does no damage.
The orc priest hits you but does no damage.
You closely miss the orc priest.
The orc priest is almost dead.
The giant cockroach barely misses you. The orc hits you with a +0 trident.
* * * LOW HITPOINT WARNING * * *
The orc priest calls down the wrath of Beogh upon you.
Beogh smites you!
You die...

....... ....... #.....
. . ..... .###### ..
.... .....###... #..
#.#.#..(.
#.###.o########.....#
.....os@.)........##
###..#o##..[...)...###
#. #.#...(...$##...###
....[######[##......
##.## #......... ##
#####...## ## ###.##
...##########...
.#..............


You could see an orc priest, 2 orcs and a giant cockroach.

Vanquished Creatures
  An orc warrior (D:3)
  5 orc wizards (D:3)
  5 adders
  2 oozes (D:1)
  A worm (D:3)
  3 dart slugs
  4 leopard geckos
  20 orcs
  A ball python (D:3)
  2 giant cockroaches (D:1)
  7 goblins
  8 hobgoblins
  A quokka (D:2)
  6 bats
  2 frilled lizards
  8 kobolds
  7 rats
83 creatures vanquished.

Notes
Turn   | Place    | Note
-------+----------+-------------------------------------------
     0 | D:1      | Delamore the Gargoyle Fighter began the quest for the Orb.
     0 | D:1      | Reached XP level 1. HP: 14/14 MP: 1/1
   154 | D:1      | Reached XP level 2. HP: 19/19 MP: 2/2
   176 | D:1      | Reached skill level 3 in Maces & Flails
   446 | D:1      | Reached XP level 3. HP: 21/23 MP: 3/3
  1100 | D:2      | Found a blossoming altar of Fedhas.
  1103 | D:2      | Found an ancient bone altar of Kikubaaqudgha.
  1177 | D:2      | Reached skill level 4 in Maces & Flails
  1468 | D:2      | Reached XP level 4. HP: 24/28 MP: 4/4
  2089 | D:3      | Reached skill level 5 in Maces & Flails
  2089 | D:3      | Reached XP level 5. HP: 20/32 MP: 5/5
  2340 | D:3      | Reached skill level 6 in Maces & Flails
  2340 | D:3      | Reached XP level 6. HP: 8/37 MP: 6/6
  2868 | D:3      | Found a hazy altar of Hepliaklqana.
  2868 | D:3      | Found a shimmering blue altar of Sif Muna.
  2938 | D:3      | Noticed an orc warrior
  2946 | D:3      | Killed an orc warrior
  3143 | D:3      | Reached skill level 7 in Maces & Flails
  3284 | D:4      | Killed from afar by an orc priest

Illustrated notes

Levels and vault maps discovered:
D:1:      roderic_crossed_star, layout_basic, minmay_tall_x
D:2:      layout_basic, grunt_temple_overflow_growth_and_decay,
          minmay_pentomino_r2
D:3:      layout_basic, gammafunk_temple_overflow_elements
D:4:      layout_rooms, marbit_many_paths, first_ration

Skill      XL: |  1  2  3  4  5  6 |
---------------+-------------------+-----
Maces & Flails | 3 4 5 6 7 |  7.0
Fighting       | |  3.2
Armour         | |  3.2
Shields        | |  3.2

Action                   |  1- 3 |  4- 6 || total
-------------------------+-------+-------++-------
Melee: Flail             |    91 |   146 ||   237
       Whip              |    53 |       ||    53
  Use: Potion            |       |     1 ||     1
  Eat: Chunk             |     2 |     6 ||     8
Armor: Scale mail        |    49 |   117 ||   166
Dodge: Dodged            |    38 |    96 ||   134
Block: Kite shield       |    61 |    80 ||   141
